 Dungeon Crawl Stone Soup version 0.28.0-53-g5a82cb258f (webtiles) character file.

Game seed: 2315416235145330778

108271 Ashen the Ogre Mage (level 16, -2/165 HPs)
             Began as an Ogre Fire Elementalist on June 18, 2022.
             Was a High Priest of Vehumet.
             Slain by a ghost moth (12 damage)
             ... on level 1 of the Spider Nest.
             The game lasted 02:11:01 (42315 turns).

Ashen the Ogre Mage (Ogre Fire Elementalist)       Turns: 42315, Time: 02:11:01

Health: -2/165     AC:  5    Str: 12 (16) XL:     16   Next: 49%
Magic:  0/41       EV: 16    Int: 21 (22) God:    Vehumet [*****.]
Gold:   458        SH:  5    Dex:  8 (9)  Spells: 5/39 levels left

rFire   + . .      SeeInvis .   x - +5 giant spiked club (flame)
rCold   + . .      Faith    .   (shield currently unavailable)
rNeg    . . .      Spirit   .   Y - +0 troll leather armour
rPois   .          Reflect  +   (helmet restricted)
rElec   .          Harm     .   a - scarf {rC+ rF+}
rCorr   .          Rampage  .   (gloves unavailable)
Will    +....                   (boots unavailable)
Stlth   ++........              q - amulet of reflection
HPRegen 1.17/turn               s - ring of magical power
MPRegen 0.27/turn               w - +4 ring of evasion

@: about to teleport, studying 2 skills
A: large, unfitting armour, tough skin 1
a: Renounce Religion


You were on level 1 of the Spider Nest.
You worshipped Vehumet.
Vehumet was extremely pleased with you.
You visited 6 branches of the dungeon, and saw 26 of its levels.
You also visited: Bailey and Ice Cave.

You collected 2104 gold pieces.
You spent 1646 gold pieces at shops.

Inventory:

Hand Weapons
 x - a +5 giant spiked club of flaming (weapon)
 M - a +0 morningstar of venom
Armour
 a - a scarf of resistance (worn)
 Y - a +0 troll leather armour (worn)
Magical Staves
 V - a staff of conjuration
Jewellery
 h - a ring of ice
 q - an amulet of reflection (around neck)
 s - a ring of magical power (left hand)
 w - a +4 ring of evasion (right hand)
 A - a ring of flight
 H - a ring of fire
 U - a +4 ring of protection
 W - a ring of positive energy
Wands
 g - a wand of polymorph (11)
 r - a wand of digging (1)
 G - a wand of mindburst (6)
 O - a wand of iceblast (9)
 S - a wand of paralysis (20)
 X - a wand of flame (23)
Scrolls
 b - 7 scrolls of magic mapping
 d - 4 scrolls of teleportation
 i - 3 scrolls of enchant armour
 k - 4 scrolls of fog
 n - 4 scrolls of blinking
 o - 9 scrolls of vulnerability
 t - 3 scrolls of acquirement
 u - 5 scrolls of amnesia
 y - 2 scrolls of immolation
 D - a scroll of holy word {unknown}
 E - 3 scrolls of torment {unknown}
 F - a scroll of summoning {unknown}
 K - 2 scrolls of brand weapon
 N - a scroll of silence
 R - a scroll of noise {unknown}
 Z - 9 scrolls of identify
Potions
 e - 4 potions of berserk rage
 f - 10 potions of curing
 l - 4 potions of lignification
 m - 4 potions of invisibility
 p - 6 potions of attraction
 z - 2 potions of haste
 B - 6 potions of magic
 C - 5 potions of brilliance
 I - a potion of resistance
 L - 3 potions of might
 P - 3 potions of flight
 Q - 2 potions of cancellation
Miscellaneous
 J - a tin of tremorstones (2/2)


   Skills:
 + Level 12.2 Fighting
 + Level 11.1 Maces & Flails
 + Level 12.1 Dodging
 - Level 5.0 Stealth
 + Level 12.4 Spellcasting
 + Level 11.2 Conjurations
 - Level 8.0 Fire Magic
 + Level 11.2 Air Magic


You had 5 spell levels left.
You knew the following spells:

 Your Spells              Type           Power      Damage    Failure   Level
a - Foxfire               Conj/Fire      100%       2x1d9     1%          1
b - Scorch                Fire           92%        2d9       1%          2
c - Lightning Bolt        Conj/Air       28%        1d44      1%          5
d - Swiftness             Air            56%        N/A       1%          3
e - Mephitic Cloud        Conj/Pois/Air  44%        N/A       1%          3
f - Freezing Cloud        Conj/Ice/Air   22%        6-21      2%          5
g - Airstrike             Air            28%        N/A       1%          4
h - Static Discharge      Conj/Air       56%        N/A       1%          2
i - Dazzling Flash        Conj/Hex       72%        N/A       1%          3
j - Conjure Ball Lightni  Conj/Air       28%        3x3d8     2%          6

Your spell library contained the following spells:

 Spells                   Type           Power      Damage    Failure   Level
 Fireball                 Conj/Fire      26%        3d12      1%          5
 Sandblast                Erth           26%        2d8       1%          1
 Shock                    Conj/Air       100%       1d9       1%          1
 Corpse Rot               Necr/Air       72%        N/A       1%          2
 Poisonous Vapours        Pois/Air       72%        N/A       1%          2
 Conjure Flame            Conj/Fire      52%        6-21      1%          3
 Ignite Poison            Fire/Tmut/Pois 24%        N/A       1%          3
 Inner Flame              Hex/Fire       29%        N/A       1%          3
 Stone Arrow              Conj/Erth      72%        3d11      1%          3
 Flame Wave               Conj/Fire      52%        2d11      1%          4
 Fulminant Prism          Conj/Hex       18%        3d11      1%          4
 Sticky Flame             Conj/Fire      52%        2d7       1%          4
 Slow                     Hex            52%        N/A       6%          1
 Call Imp                 Summ           13%        N/A       10%         2
 Ensorcelled Hibernation  Hex/Ice        26%        N/A       10%         2
 Passwall                 Tmut/Erth      10%        N/A       10%         2
 Olgreb's Toxic Radiance  Pois           13%        N/A       17%         4
 Confusing Touch          Hex            13%        N/A       19%         3
 Gell's Gravitas          Tloc           13%        N/A       19%         3
 Ozocubu's Armour         Ice            13%        N/A       19%         3
 Spider Form              Tmut/Pois      13%        N/A       19%         3
 Summon Guardian Golem    Hex/Summ       13%        N/A       19%         3
 Teleport Other           Tloc           13%        N/A       19%         3
 Vampiric Draining        Necr           13%        2d6       19%         3
 Silence                  Hex/Air        18%        N/A       19%         5
 Lee's Rapid Deconstruct  Erth           6%         3d7*      41%         5
 Anguish                  Hex/Necr       6%         N/A       54%         4
 Animate Armour           Summ/Erth      26%        N/A       54%         4
 Animate Dead             Necr           6%         N/A       54%         4
 Summon Ice Beast         Ice/Summ       13%        N/A       54%         4
 Summon Mana Viper        Hex/Summ       13%        N/A       87%         5
 Orb of Destruction       Conj           28%        9d9       16%         7
 Spellforged Servitor     Conj/Summ      18%        N/A       77%         7
 Ignition                 Fire           23%        3d8       97%         8
 Dispersal                Tloc           6%         N/A       100%        6
 Haunt                    Necr/Summ      6%         N/A       100%        7
 Monstrous Menagerie      Summ           6%         N/A       100%        7
 Ozocubu's Refrigeration  Ice            6%         4d6       100%        7
 Infestation              Necr           6%         N/A       100%        8
 Necromutation            Tmut/Necr      6%         N/A       100%        8
 Polar Vortex             Ice            6%         N/A       100%        9


Dungeon Overview and Level Annotations

Branches:
Dungeon (15/15)            Temple (1/1) D:7            Lair (6/6) D:10
  Swamp (0/4) Lair:2       Spider (1/4) Lair:4        Slime (0/5) Lair:5
    Orc (2/2) D:10            Elf (0/3) Orc:2        Vaults (0/5) D:13
 Depths (1/4) D:15         Bailey (visited)           IceCv (visited)

Altars:
Ashenzari
Dithmenos
Elyvilon
Fedhas
Gozag
Hepliaklqana
Kikubaaqudgha
Makhleb
Nemelex Xobeh
Qazlal
Ru
Sif Muna
Trog
Uskayaw
Vehumet
Wu Jian
Xom
Yredelemnul
Zin
The Shining One
Beogh
Jiyva

Shops:
Orc:1 :   Orc:2 **[(

Annotations:
D:3 Grinder
D:8 3 runed translucent doors


Innate Abilities, Weirdness & Mutations

You are too large for most types of armour.
You have tough skin. (AC +1)


Message History

The blast of lightning engulfs you!
You feel you are being watched by something.
You feel your power leaking away. Something hits you! Something hits you.
Something stings you.
You feel you are being watched by something.
You feel your power leaking away.
Your ball lightning explodes!
The blast of lightning engulfs something!
The blast of lightning engulfs your ball lightning.
Your ball lightning completely resists.
The blast of lightning engulfs you!
You feel you are being watched by something.
Something hits you! Something hits you but does no damage.
Something stings you but does no damage.
Something hits your ball lightning!!
Your ball lightning explodes!
The blast of lightning engulfs you!
The blast of lightning engulfs something!
You feel you are being watched by something.
Something hits you! Something barely misses you. Something stings you!
As you read the scroll of teleportation, it crumbles to dust.
You feel strangely unstable.
You feel you are being watched by something.
You feel your power leaking away. Something hits you!!
You feel weakened. Something hits you! Something stings you!
* * * LOW HITPOINT WARNING * * *
You feel you are being watched by something.
Something closely misses you. Something hits you.
* * * LOW HITPOINT WARNING * * *
Something stings you!
* * * LOW HITPOINT WARNING * * *
Something hits you!
* * * LOW HITPOINT WARNING * * *
You feel weakened. Something hits you!
* * * LOW HITPOINT WARNING * * *
Something stings you!
You die...

.# #....... #...... .#
#....^.# .. .# ## #......#
.. ##.## #. #.....# ..
###...### ##.##..§..# ##
.......###...#.§..#
#†......#......☼.^#
#......# ##..#...##
#......# #@....## ##......#
##.####.### #.......#
#.###..#..##.#
##......####^##....#.......
#......#...###......##....
####>......###.......# ...
##......###........# .
#........##...........
#....................#


There were no monsters in sight!

Vanquished Creatures
  Kirke (D:12)
  2 orc warlords
  A spark wasp (Spider:1)
  2 ettins (D:15)
  A yaktaur captain (D:15)
  Josephine (Lair:4)
  2 vault guards (D:13)
  Harold (Orc:1)
  9 hydras
  2 ogre magi
  A catoblepas (D:12)
  2 centaur warriors (D:13)
  2 death yaks (Lair:6)
  A death knight (D:13)
  13 two-headed ogres
  The ghost of dbhg the Fighter, a novice DsFi of Gozag (D:11)
  4 tengu warriors
  5 orc high priests (Orc:2)
  2 fire crabs
  A skeletal warrior (D:12)
  4 wizards
  A deep elf zephyrmancer (D:10)
  Pikel (D:5)
  A harpy (shapeshifter) (D:15)
  2 deep elf pyromancers (D:10)
  3 harpies (D:12)
  6 orc knights
  8 orc sorcerers
  3 ugly things
  A wolf spider (Spider:1)
  6 cyclopes
  2 oklob plants (Lair:4)
  A manticore (D:13)
  19 elephants
  2 black mambas
  3 ice statues (IceCv)
  Maggie (D:10)
  A black mamba (shapeshifter) (D:8)
  10 komodo dragons
  A torpor snail (Lair:6)
  An unseen horror (D:10)
  3 gargoyles
  17 cane toads
  A demonic crawler (Spider:1)
  2 kobold demonologists (D:11)
  2 rime drakes
  3 freezing wraiths
  An entropy weaver simulacrum (IceCv)
  A yaktaur (D:11)
  2 ice devils (D:12)
  3 trolls
  5 polar bears
  5 tyrant leeches (Lair:6)
  15 slime creatures
  Prince Ribbit (D:5)
  4 dream sheep (Lair:6)
  28 blink frogs
  3 centaur simulacra
  4 jumping spiders (Lair:4)
  A dire elephant simulacrum (IceCv)
  A shadow (D:10)
  4 culicivoras
  4 wraiths
  A yak (shapeshifter) (D:14)
  42 yaks
  6 basilisks
  A wyvern (Lair:5)
  2 hogs (D:12)
  10 humans (D:13)
  2 death yak simulacra (IceCv)
  4 redbacks (Lair:4)
  11 vampire mosquitoes
  Menkaure (D:4)
  4 wargs
  6 water moccasins
  An acid dragon (D:10)
  A meliai simulacrum (D:15)
  A swamp drake (D:10)
  45 orc warriors
  2 ice beasts
  A sky beast (D:8)
  16 ogres
  11 centaurs
  6 wolves (Lair:5)
  2 lemures (D:5)
  2 kobold brigands (D:11)
  Blork the orc (D:5)
  11 bullfrogs
  2 scorpions
  A wyvern zombie (D:7)
  2 cane toad simulacra (IceCv)
  A hornet simulacrum (D:14)
  12 killer bees
  An elephant simulacrum (IceCv)
  A wight (D:8)
  3 electric eels
  A howler monkey (D:13)
  A bullfrog zombie (D:5)
  2 hounds
  5 jellies
  3 centaur zombies
  A centaur skeleton (D:7)
  39 orc priests
  2 iguanas
  23 orc wizards
  Terence (D:2)
  A wolf simulacrum (IceCv)
  A killer bee zombie (D:9)
  A hound skeleton (D:5)
  2 howler monkey zombies
  A howler monkey skeleton (D:7)
  12 gnolls
  2 adders
  A shadow imp (D:5)
  A white imp (D:7)
  2 worms
  108 orcs
  4 ball pythons
  A bat (D:1)
  12 endoplasms
  2 giant cockroaches
  17 goblins
  12 hobgoblins
  2 jackals (D:3)
  4 quokkas
  3 frilled lizards
  13 kobolds
  7 rats
741 creatures vanquished.

Vanquished Creatures (collateral kills)
  4 ball lightnings
  9 foxfires
13 creatures vanquished.

Vanquished Creatures (others)
  An orc high priest (Orc:2)
  11 ball lightnings
  1044 foxfires
  58 fungi
  139 plants
  7 toadstools (D:2)
  6 withered plants (D:8)
1266 creatures vanquished.

Grand Total: 2020 creatures vanquished

Notes
Turn   | Place    | Note
-------+----------+-------------------------------------------
     0 | D:1      | Ashen the Ogre Fire Elementalist began the quest for the
                  | Orb.
     0 | D:1      | Reached XP level 1. HP: 16/16 MP: 3/3
   173 | D:1      | Reached skill level 1 in Conjurations
   410 | D:1      | Reached XP level 2. HP: 18/26 MP: 3/5
  1193 | D:1      | Reached skill level 1 in Fighting
  1193 | D:1      | Reached XP level 3. HP: 20/33 MP: 7/7
  1312 | D:2      | Found a faded altar of an unknown god.
  1704 | D:2      | Reached XP level 4. HP: 6/42 MP: 3/8
  1979 | D:1      | Learned a level 2 spell: Scorch
  1984 | D:1      | Learned a level 4 spell: Flame Wave
  2169 | D:2      | Reached XP level 5. HP: 39/50 MP: 9/9
  3271 | D:3      | Noticed Grinder
  3362 | D:3      | Noticed Terence
  3362 | D:3      | Found a stormy altar of Qazlal.
  3381 | D:2      | Killed Terence
  3382 | D:2      | Reached XP level 6. HP: 24/59 MP: 8/11
  3599 | D:3      | Learned a level 3 spell: Swiftness
  3869 | D:4      | Found a blossoming altar of Fedhas.
  4210 | D:4      | Noticed Menkaure
  4219 | D:4      | Killed Menkaure
  4220 | D:4      | Reached XP level 7. HP: 35/67 MP: 7/13
  4533 | D:4      | Found an opulent altar of Gozag.
  4788 | D:4      | Found a glowing silver altar of Zin.
  4895 | D:5      | Entered Level 5 of the Dungeon
  4986 | D:5      | Noticed Blork the orc
  5001 | D:5      | Killed Blork the orc
  5460 | D:5      | Noticed Pikel
  5553 | D:5      | Killed Pikel
  5554 | D:5      | Reached skill level 5 in Fighting
  5554 | D:5      | Reached skill level 5 in Spellcasting
  5554 | D:5      | Reached XP level 8. HP: 32/80 MP: 15/15
  5796 | D:5      | Found an ornate altar of the Wu Jian Council.
  5926 | D:5      | Found a shadowy altar of Dithmenos.
  5959 | D:5      | Noticed Prince Ribbit
  5976 | D:5      | Killed Prince Ribbit
  6424 | D:5      | Reached skill level 5 in Fire Magic
  6424 | D:5      | Reached XP level 9. HP: 89/89 MP: 17/17
  6569 | D:5      | Found a basalt altar of Yredelemnul.
  6796 | D:6      | Found a broken altar of Ashenzari.
  7005 | D:6      | Learned a level 3 spell: Mephitic Cloud
  7011 | D:6      | Learned a level 5 spell: Freezing Cloud
  7086 | D:6      | Reached skill level 5 in Dodging
  7790 | D:7      | Reached skill level 5 in Conjurations
  8169 | D:7      | Found a shimmering blue altar of Sif Muna.
  9071 | D:7      | Found a staircase to the Ecumenical Temple.
  9335 | Temple   | Entered the Ecumenical Temple
  9388 | Temple   | Became a worshipper of Vehumet
  9513 | D:8      | Identified the +0 pair of boots "Nalodilu" {+Inv rCorr}
  9567 | D:8      | Reached XP level 10. HP: 96/104 MP: 20/20
  9956 | D:8      | Identified the +10 war axe "Hydra's Curse" {flame, Fragile
                  | rElec rC- Dex+9}
 10137 | D:8      | Noticed a cyclops
 10150 | D:8      | Killed a cyclops
 10185 | D:8      | Noticed a black mamba
 10195 | D:8      | Killed a black mamba
 10561 | D:8      | Noticed a two-headed ogre
 10902 | D:8      | Found a runed translucent gate.
 10902 | D:8      | Found a runed translucent gate.
 10902 | D:8      | Found a runed translucent gate.
 10903 | D:8      | Noticed a purple ugly thing
 10906 | D:8      | Noticed a glowing orange brain
 10907 | D:8      | Noticed a red ugly thing
 10907 | D:8      | Noticed a red ugly thing
 10907 | D:8      | Noticed a red ugly thing
 10908 | D:8      | Noticed a white ugly thing
 10946 | D:8      | Noticed a gargoyle
 10956 | D:8      | Killed a gargoyle
 11036 | D:8      | Killed a two-headed ogre
 11612 | D:9      | You fall into a shaft and drop 1 floor!
 11612 | D:10     | Entered Level 10 of the Dungeon
 11639 | D:10     | Found a staircase to the Lair.
 11774 | D:10     | Reached XP level 11. HP: 115/115 MP: 23/23
 11823 | D:10     | Noticed a deep elf pyromancer
 11848 | D:10     | Found a flagged portal.
 11861 | Bailey   | Entered a bailey
 11995 | Bailey   | Reached * piety under Vehumet
 11995 | Bailey   | Offered knowledge of Magic Dart by Vehumet.
 12491 | Bailey   | Noticed an orc knight
 12578 | Bailey   | Killed an orc knight
 12818 | Bailey   | Offered knowledge of Sandblast by Vehumet.
 12841 | Bailey   | Noticed an orc warlord
 12892 | Bailey   | Killed an orc warlord
 12893 | Bailey   | Reached skill level 1 in Air Magic
 13019 | Bailey   | Reached ** piety under Vehumet
 13448 | D:10     | Learned a level 4 spell: Airstrike
 13459 | D:10     | Killed a deep elf pyromancer
 13551 | D:10     | Noticed Maggie
 13580 | D:10     | Killed Maggie
 13906 | D:10     | Found a glowing golden altar of the Shining One.
 13913 | D:10     | Noticed a two-headed ogre
 13951 | D:10     | Killed a two-headed ogre
 13952 | D:10     | Reached skill level 10 in Fighting
 14044 | D:10     | Noticed a two-headed ogre
 14074 | D:10     | Killed a two-headed ogre
 14314 | D:10     | Noticed a deep elf pyromancer
 14331 | D:10     | Killed a deep elf pyromancer
 14333 | D:10     | Noticed a deep elf zephyrmancer
 14335 | D:10     | Noticed a wizard
 14662 | D:10     | Got the Almanac of Combed Thunderclap
 14682 | D:10     | Got the Papyrus of Sand
 14689 | D:10     | Got the Compendium of Plaster Cramp
 15034 | D:9      | Noticed a two-headed ogre
 15046 | D:9      | Killed a two-headed ogre
 15317 | D:9      | Reached skill level 10 in Spellcasting
 15839 | D:9      | Offered knowledge of Stone Arrow by Vehumet.
 15855 | D:9      | Reached XP level 12. HP: 126/126 MP: 26/26
 17034 | D:10     | Found a staircase to the Orcish Mines.
 17183 | Orc:1    | Entered Level 1 of the Orcish Mines
 17615 | D:10     | Reached *** piety under Vehumet
 17619 | D:10     | Learned a level 2 spell: Static Discharge
 17727 | Lair:1   | Entered Level 1 of the Lair of Beasts
 17794 | Lair:1   | Noticed a six-headed hydra
 17801 | Lair:1   | Killed a six-headed hydra
 20413 | Lair:2   | Reached skill level 5 in Air Magic
 20740 | Lair:2   | Found a staircase to the Swamp.
 20893 | Lair:2   | Offered knowledge of Dazzling Flash by Vehumet.
 21314 | Lair:2   | Learned a level 3 spell: Dazzling Flash
 21347 | Lair:3   | Identified the +5 ring mail of Terror {Rampage}
 21613 | Lair:2   | Reached XP level 13. HP: 44/133 MP: 28/28
 21903 | Lair:3   | Found a radiant altar of Vehumet.
 23502 | Lair:4   | Reached **** piety under Vehumet
 23686 | Lair:4   | Noticed Josephine
 24159 | Lair:4   | Offered knowledge of Sticky Flame by Vehumet.
 24165 | Lair:4   | Learned a level 4 spell: Sticky Flame
 24453 | Lair:4   | Found a hole to the Spider Nest.
 24641 | Lair:4   | Reached skill level 10 in Dodging
 24980 | Lair:4   | Killed Josephine
 24981 | Lair:4   | Reached skill level 10 in Conjurations
 27832 | Lair:5   | Found a viscous altar of Jiyva.
 27832 | Lair:5   | Found a staircase to the Slime Pits.
 27909 | Lair:5   | Found a blossoming altar of Fedhas.
 28199 | Lair:6   | Entered Level 6 of the Lair of Beasts
 28265 | Lair:6   | Reached skill level 10 in Air Magic
 28272 | Lair:6   | Reached skill level 1 in Maces & Flails
 28274 | Lair:6   | Reached XP level 14. HP: 69/143 MP: 6/29
 29089 | Lair:6   | Reached skill level 5 in Maces & Flails
 29554 | Lair:6   | Reached ***** piety under Vehumet
 29602 | Lair:6   | Offered knowledge of Lightning Bolt by Vehumet.
 29623 | Lair:6   | Learned a level 5 spell: Lightning Bolt
 29806 | Lair:6   | Got Otentot's Compendium of Supportive Cold
 32140 | Orc:1    | Found Inownav's Self-Improvement Boutique.
 32157 | Orc:1    | Bought a manual of Dodging for 960 gold pieces
 32211 | Orc:1    | Noticed Harold
 32218 | Orc:1    | Killed Harold
 32359 | Orc:2    | Entered Level 2 of the Orcish Mines
 32903 | Orc:2    | Offered knowledge of Conjure Ball Lightning by Vehumet.
 32921 | Orc:2    | Learned a level 6 spell: Conjure Ball Lightning
 33056 | Orc:2    | Found Zaaw's Assorted Antiques.
 33062 | Orc:2    | Reached skill level 10 in Maces & Flails
 33677 | Orc:2    | Found a staircase to the Elven Halls.
 33717 | Orc:2    | Reached XP level 15. HP: 134/149 MP: 30/30
 33988 | Orc:2    | Noticed an orc warlord
 34010 | Orc:2    | Killed an orc warlord
 34266 | Orc:2    | Found Fyg Ucei's Armour Boutique.
 34297 | Orc:2    | Bought a scarf of resistance for 416 gold pieces
 34336 | Orc:2    | Offered knowledge of Iskenderun's Battlesphere by Vehumet.
 34341 | Orc:2    | Found Netitoq's Weapon Emporium.
 34732 | Orc:2    | Found Oryred's General Store.
 34791 | Orc:2    | Bought a scroll of vulnerability for 90 gold pieces
 34791 | Orc:2    | Bought 2 scrolls of magic mapping for 84 gold pieces
 34791 | Orc:2    | Bought a potion of magic for 96 gold pieces
 35766 | D:11     | Found a runed translucent door.
 35767 | D:11     | Noticed dbhg's ghost (novice DsFi)
 35785 | D:11     | Killed dbhg's ghost
 36151 | D:12     | Found a frozen archway.
 36167 | D:12     | Noticed Kirke
 36172 | D:12     | Noticed a sphinx
 36183 | D:12     | Noticed a sphinx
 36185 | D:12     | Killed Kirke
 36246 | IceCv    | Entered an ice cave
 37170 | IceCv    | Identified the +2 pair of gloves of the Stone Wall {+Blink
                  | rPois Str-3}
 38658 | D:13     | Found a gate to the Vaults.
 38818 | D:13     | Reached XP level 16. HP: 151/163 MP: 31/31
 39783 | D:14     | Offered knowledge of Fireball by Vehumet.
 39832 | D:14     | Reached skill level 5 in Stealth
 40346 | D:15     | Entered Level 15 of the Dungeon
 41156 | D:15     | Found a glowing silver altar of Zin.
 41389 | D:15     | Found a staircase to the Depths.
 41577 | Depths:1 | Entered Level 1 of the Depths
 41957 | Spider:1 | Entered Level 1 of the Spider Nest
 42315 | Spider:1 | Slain by a ghost moth

Illustrated notes

Levels and vault maps discovered:
D:1:      dpeg_arrival_solitude, layout_basic, minmay_tiny_reverse_x
D:2:      cheibrodos_fertilizer, layout_basic,
          ebering_ecumenical_altar_sacrificial
D:3:      layout_basic, cheibriados_altar_1, lemuel_tele_altar,
          nicolae_qazlal_scattered_showers, minmay_quadrilaterals, uniq_grinder,
          uniq_terence
D:4:      layout_loops_ring, pdpol_temple_overflow_zin_treasury_gozag_greed,
          mainiacjoe_overflow_24_doors, uniq_menkaure
D:5:      layout_rooms, nzn_wu_jian_contemplation,
          nicolae_dithmenos_shadow_blocks, lemuel_coloured_pillars_altar,
          hangedman_decor_diamond_cutter, uniq_pikel, uniq_prince_ribbit1,
          uniq_blork_the_orc
D:6:      layout_loops_corners, lemuel_doored_altar
D:7:      nicolae_cairo_tiling_very_big, layout_cave_pods,
          mainiacjoe_overflow_paths
D:8:      layout_basic, serial_undead, serial_undead_b, serial_undead_b,
          serial_undead_e, serial_undead_b,
          ploomutoo_gammafunk_ghost_potion_laboratory
D:9:      layout_irregular_city
D:10:     layout_stronghold, tso_oasis_becter, lair_entry_dummy, erik_orc_1,
          enter_bailey_6, bh_hangedman_babel_library, uniq_maggie
D:11:     layout_irregular_city, ebering_ghost_inner_flame
D:12:     layout_basic, serial_glass, glass_columns_a, glass_columns_a,
          glass_columns_a, glass_columns_c, glass_columns_a,
          portal_ice_cave_demonic_guard, argonaut_gorgonesque, uniq_kirke
D:13:     layout_irregular_city, ximxim_vaults_locker_room,
          minmay_mirror_moons_of_madness
D:14:     layout_stronghold, serial_park_tiny_pond
D:15:     hangedman_depths_entry_civil_slaughter, layout_gridville,
          chequers_serial_rivers_micro_d, zin_angel
Temple:   zaba_magenta_temple
Lair:1:   layout_concentric_octagons, dpeg_stationary_puzzle, grunt_megastairs_4
Lair:2:   layout_cave_pods, swamp_mist_pool, infiniplex_staircase_pool_2,
          uniq_erica
Lair:3:   layout_hall_layers, basic_altar, cheibrodos_lair_lostbears
Lair:4:   minmay_lair_oklob_chamber, layout_layer_cave,
          nicolae_spider_entry_tight_spaces, st_stairs_10, uniq_josephine
Lair:5:   layout_misc_corridors, slime_altar_1, lemuel_centaur_altar
Lair:6:   minmay_lair_end_frog_pond, layout_cave_shapes,
          chequers_serial_rivers_room_b, st_stairs_13
Spider:1: layout_chambers
Orc:1:    layout_diamond_mine, nicolae_shop_self_help, uniq_harold
Orc:2:    pubby_orc_utopia
Depths:1: layout_basic, abyss_entry, grunt_hell_entry_dis_mu,
          hangedman_decor_clover_reticule, kb_rosetta, grunt_megastairs_2,
          serial_bayou_shore_a, uniq_bai_suzhen

Skill      XL: |  1  2  3  4  5  6  7  8  9 10 11 12 13 14 15 16 |
---------------+-------------------------------------------------+-----
Conjurations   | 1 2 3 4 5 6 7 9 10 11 | 11.2
Fighting       | 1 2 3 5 7 9 10 11 12 | 12.2
Dodging        | 2 3 4 5 6 7 9 10 11 12 | 12.1
Spellcasting   | 3 4 5 7 8 10 11 12 | 12.4
Fire Magic     | 3 4 5 6 7 8 |  8.0
Stealth        | 2 3 4 5 |  5.0
Air Magic      | 3 5 10 11 | 11.2
Maces & Flails | 2 10 11 | 11.1

Action                   |  1- 3 |  4- 6 |  7- 9 | 10-12 | 13-15 | 16-18 || total
-------------------------+-------+-------+-------+-------+-------+-------++-------
Melee: Dagger            |    65 |    79 |   154 |   472 |    91 |       ||   861
       Unarmed           |     4 |       |       |       |       |       ||     4
       Punch             |       |     1 |     2 |    15 |     3 |       ||    21
       Giant spiked club |       |       |       |       |   321 |    89 ||   410
 Cast: Foxfire           |    24 |    57 |   130 |   242 |   146 |    11 ||   610
       Mephitic Cloud    |       |       |     8 |   116 |    26 |    10 ||   160
       Flame Wave        |       |       |       |     3 |     3 |       ||     6
       Freezing Cloud    |       |       |       |    22 |   275 |    43 ||   340
       Scorch            |       |       |       |    10 |    20 |       ||    30
       Airstrike         |       |       |       |       |    25 |       ||    25
       Sticky Flame      |       |       |       |       |     4 |       ||     4
       Static Discharge  |       |       |       |       |     5 |       ||     5
       Lightning Bolt    |       |       |       |       |    58 |     1 ||    59
       Dazzling Flash    |       |       |       |       |     3 |       ||     3
       Conjure Ball Ligh |       |       |       |       |     4 |     1 ||     5
Evoke: Tin of tremorston |       |       |       |       |     1 |       ||     1
       Wand              |       |       |       |       |     5 |       ||     5
  Use: Scroll            |       |       |    12 |    12 |     8 |     5 ||    37
       Potion            |       |       |       |     1 |     2 |     2 ||     5
 Stab: Sleeping          |     1 |     1 |     1 |       |     1 |       ||     4
       Confused          |       |       |     2 |    26 |     3 |     2 ||    33
       Invisible         |       |       |       |       |     1 |       ||     1
       Distracted        |       |       |       |       |     1 |       ||     1
Armor: Robe              |    17 |    26 |    19 |    44 |    41 |       ||   147
       Troll leather arm |       |       |       |       |    24 |    21 ||    45
Dodge: Dodged            |    30 |    25 |   118 |   273 |   349 |    81 ||   876
Block: Other             |       |       |    37 |    89 |    97 |    28 ||   251
       Reflection        |       |       |     1 |     2 |    11 |     1 ||    15
